AoeStats
← KootH.

Arena

505172735Analyzed
4v4 RM · 24d ago on Sep 8, 2026· 48m 45s· 8 players
Game mode
Random Map
Map size
Large (8 player)
Population
200
Speed
Normal
Resources
Standard
Victory
Conquest
Starting age
Dark Age
Ending age
Imperial Age
RankedLock teamsTeams togetherTeam positionsShared explorationLock speedFull tech treeHidden civsTurbo modeCheats
Victory
Defeat
🇦🇹 Celts · Austria
1573
+19
🇹🇷 Wu · Türkiye
1534
+21
🇨🇴 Magyars · Colombia
1491
+22
🇲🇽 Khmer · Mexico
1476
+23
🇹🇼 Japanese · Taiwan
1761
-26
🇨🇳 Georgians · China
1682
-23
🇧🇷 Bulgarians · Brazil
1606
-20
🇺🇸 Bengalis · United States
1503
-16
tim.13
9:58 Feudal Age
14:09 Castle Age
12:34 Double-Bit Axe
13:02 Horse Collar
15:22 Wheelbarrow
16:43 Bow Saw
20:19 Loom
32:26 Imperial Age
32:08 Svan Towers
32:09 Stone Mining
32:10 Gold Mining
34:21 Conscription
36:50 Ballistics
36:15 Arrowslits
36:22 Fletching
machpatel
9:39 Feudal Age
13:35 Castle Age
11:31 Double-Bit Axe
14:06 Loom
23:40 Bow Saw
23:11 Horse Collar
27:19 Wheelbarrow
27:09 Heavy Plow
27:53 Fortified Wall
29:39 Hand Cart
34:02 Imperial Age
31:38 Fletching
32:45 Bodkin Arrow
33:14 Gold Mining
33:15 Stone Mining
33:37 Padded Archer Armor
34:27 Elite Elephant Archer
36:17 Bracer
36:47 Ballistics
37:28 Chemistry
36:20 Onager
38:14 Paiks
38:48 Siege Elephant
40:18 Leather Archer Armor
40:33 Conscription
40:27 Elite Skirmisher
42:01 Crop Rotation
43:55 Ring Archer Armor
47:04 Crossbowman
逆·风
12:15 Feudal Age
13:04 Double-Bit Axe
16:02 Castle Age
14:21 Horse Collar
17:04 Heavy Plow
19:04 Loom
20:53 Stone Mining
21:22 Bow Saw
25:00 Wheelbarrow
24:39 Town Watch
25:29 Gold Mining
25:30 Stone Mining
30:13 Imperial Age
28:20 Hand Cart
28:49 Scale Mail Armor
28:59 Forging
28:12 Pikeman
28:52 Squires
28:38 Gambesons
28:38 Arson
29:55 Chain Mail Armor
30:16 Iron Casting
30:22 Capped Ram
30:25 Halberdier
31:29 Conscription
31:17 Bagains
32:00 Siege Engineers
32:36 Siege Ram
34:19 Fletching
35:05 Plate Mail Armor
35:36 Blast Furnace
37:03 Coinage
36:34 Caravan
36:31 Bodkin Arrow
36:36 Padded Archer Armor
36:42 Scale Barding Armor
36:35 Stirrups
39:45 Gold Shaft Mining
39:45 Stone Shaft Mining
39:43 Crop Rotation
39:47 Banking
39:44 Chain Barding Armor
39:38 Masonry
39:40 Heavy Scorpion
41:45 Architecture
41:58 Town Patrol
[LuB]a61
10:10 Feudal Age
13:44 Castle Age
11:43 Double-Bit Axe
11:58 Horse Collar
KootH.
9:53 Feudal Age
CAXCAN
12:05 Feudal Age
14:53 Castle Age
13:30 Horse Collar
13:36 Double-Bit Axe
15:19 Light Cavalry
16:30 Bow Saw
16:22 Heavy Plow
19:19 Loom
25:30 Wheelbarrow
24:41 Town Watch
26:50 Hand Cart
32:42 Imperial Age
31:07 Fortified Wall
31:18 Ballistics
31:25 Gold Mining
32:35 Scale Barding Armor
32:41 Forging
32:55 Bloodlines
32:46 Husbandry
33:48 Double Crossbow
35:07 Chemistry
35:00 Heavy Scorpion
37:07 Chain Barding Armor
37:22 Iron Casting
44:39 Siege Engineers
USTA
11:01 Feudal Age
14:55 Castle Age
14:56 Loom
15:53 Double-Bit Axe
19:10 Fletching
20:45 Bodkin Arrow
24:45 Bow Saw
24:15 Horse Collar
24:46 Gold Mining
26:24 Ballistics
29:21 Heavy Plow
30:09 Wheelbarrow
30:27 Red Cliffs Tactics
35:32 Imperial Age
35:39 Hand Cart
36:39 Bracer
36:40 Padded Archer Armor
36:32 Town Watch
38:01 Two-Man Saw
36:44 Elite Fire Archer
37:44 Conscription
38:28 Leather Archer Armor
39:16 Chemistry
39:10 Conscription
38:53 Sitting Tiger
39:25 Treadmill Crane
39:55 Masonry
40:12 Stone Mining
40:57 Gold Shaft Mining
43:03 Masonry
45:24 Scale Mail Armor
45:34 Forging
45:32 Pikeman
46:12 Squires
46:38 Chain Mail Armor
46:11 Arson
47:50 Plate Mail Armor
49:28 Iron Casting
AntiMetaist
11:04 Feudal Age
14:33 Castle Age
15:50 Double-Bit Axe
18:29 Horse Collar
24:35 Bow Saw
24:26 Heavy Plow
26:35 Gold Mining
27:23 Wheelbarrow
31:06 Imperial Age
28:52 Hand Cart
29:04 Stone Mining
29:45 Town Watch
29:33 Man-at-Arms
29:58 Gambesons
29:59 Arson
30:15 Scale Mail Armor
30:26 Forging
31:01 Long Swordsman
31:57 Chain Mail Armor
31:14 Capped Ram
31:57 Loom
33:21 Plate Mail Armor
32:43 Siege Ram
32:48 Two-Handed Swordsman
34:02 Conscription
34:42 Furor Celtica
34:30 Champion
39:46 Coinage
40:25 Iron Casting
39:42 Onager
41:32 Masonry
41:59 Hoardings
43:04 Blast Furnace
41:59 Stronghold
42:00 Fletching
42:05 Siege Onager
43:46 Chemistry
42:53 Siege Engineers
44:41 Murder Holes
Connection lost

Rejoining the realm…

Still unreachable

The connection could not be restored.

Session expired

The server has moved on; the page needs a fresh start.